[Event "Late-Titled-Tuesday-Blitz-January-16-2024"]
[Site "Chess.com"]
[Date "2024.01.16"]
[Round "1"]
[White "The_Sherman_Variation"]
[Black "KVAIDAN"]
[Result "1/2-1/2"]
[WhiteElo "2689"]
[BlackElo "2382"]
[TimeControl "180+1"]
[EndTime "14:07:54 PST"]
[Termination "Game drawn by repetition"]

1. b3 f5 2. Bb2 d6 3. f4 Nf6 4. Nf3 Nc6 5. e3 e6 6. Nc3 Be7 7. Be2 O-O 8. O-O Qe8 9. Qe1 e5 10. Nd1 e4 11. Nd4 Nxd4 12. Bxd4 c5 13. Bb2 d5 14. c4 Be6 15. cxd5 Nxd5 16. Rc1 b6 17. Qg3 Qf7 18. Bc4 Rad8 19. Be5 Bf6 20. Bxf6 Qxf6 21. a3 Nc7 22. Bxe6+ Qxe6 23. b4 Rxd2 24. bxc5 bxc5 25. Rxc5 Nd5 26. Qe1 Rd3 27. Qa5 Nxe3 28. Nxe3 Rxe3 29.
Qxa7 Re2 30. Rc7 Qg6 31. g3 Rd2 32. Qa5 Rb2 33. Qc3 Rbb8 34. Qc4+ Kh8 35. a4 Rg8 36. a5 e3 37. Re1 Rbe8 38. Qd3 Qe6 39. Rc3 e2 40. Rc2 Qe3+ 41. Qxe3 Rxe3 42. Rcxe2 Ra3 43.
Re5 g6 44. Rd1 Ra8 45. Rd7 Ra2 46. Ree7 R8xa5 47. Rxh7+ Kg8 48. Rhg7+ Kf8 49. Rgf7+ Ke8 50. Rfe7+ Kf8 51. Re1 Rc5 52. Rd6 Rcc2 53. Rxg6 Rg2+ 54. Kh1 Rxh2+ 55. Kg1 Rag2+ 56. Kf1 Rf2+ 57. Kg1 Rfg2+ 58. Kf1 Kf7 59. Rg5 Kf6 60. Re5 Rf2+ 61. Ke1 Ra2 62.
Rgxf5+ Kg6 63. Rg5+ Kh6 64. Re6+ Kh7 65. Re7+ Kh6 66.
Re6+ Kh7 67. Re7+ Kh6 68. Re6+ 1/2-1/2

[Event "Late-Titled-Tuesday-Blitz-January-16-2024"]
[Site "Chess.com"]
[Date "2024.01.16"]
[Round "1"]
[White "lrjchess"]
[Black "mbojan"]
[Result "0-1"]
[WhiteElo "2466"]
[BlackElo "2866"]
[TimeControl "180+1"]
[EndTime "14:08:00 PST"]
[Termination "mbojan won by checkmate"]

1. e4 a6 2. d4 e6 3. Nc3 d5 4. exd5 exd5 5. Bd3 c6 6. Bf4 Bd6 7. Qf3 Nf6 8. Bg5 Nbd7 9. Nge2 O-O 10. O-O Re8 11. Ng3 h6 12. Bxf6 Qxf6 13. Nf5 Bf8 14.
Rfe1 Rxe1+ 15. Rxe1 g6 16. Re8 gxf5 17. Qg3+ Qg5 18.
Qc7 Qc1+ 19. Bf1 Qxb2 20. Ne2 Nf6 21. Rxc8 Rxc8 22. Qxc8 Qxc2 23. Ng3 Ng4 24. Nh1 b5 25. h3 Nf6 26. Ng3 Ne4 27. Qxf5 Bg7 28. Nh5 Qxf2+ 29. Qxf2 Nxf2 30. Kxf2 Bxd4+ 31. Ke2 Be5 32. Kd3 Kf8 33.
g4 Ke7 34. Bg2 Kd6 35. h4 c5 36.
g5 hxg5 37. hxg5 c4+ 38. Ke3 d4+ 39. Ke4 d3 40. Bf3 a5 41. Bd1 a4 42. Ke3 a3 43.
Kd2 b4 44. Ba4 b3 45. axb3 a2 46. bxc4 a1=Q 47. Bb5 Qc3+ 48. Ke3 d2+ 49. Ke4 d1=Q 50. Kf5 Qxh5 51. Bc6 Qg6+ 52. Kg4 Qg3# 0-1

[Event "Late-Titled-Tuesday-Blitz-January-16-2024"]
[Site "Chess.com"]
[Date "2024.01.16"]
[Round "1"]
[White "Fh2411"]
[Black "kai_nov"]
[Result "1-0"]
[WhiteElo "2596"]
[BlackElo "2245"]
[TimeControl "180+1"]
[EndTime "14:08:01 PST"]
[Termination "Fh2411 won on time"]

1. d4 d5 2. c4 e6 3. Nc3 c6 4.
Qd3 dxc4 5. Qxc4 b5 6. Qd3 Ba6 7. Qd1 b4 8. Na4 Nf6 9. Nf3 Nbd7 10. Bg5 Qa5 11. b3 c5 12. Bxf6 Nxf6 13. e3 Bxf1 14. Kxf1 Rd8 15. Qc2 Qb5+ 16. Kg1 cxd4 17. Nxd4 Qb7 18. Rc1 Bd6 19. Qc6+ Qxc6 20. Nxc6 Rd7 21.
f3 O-O 22. Kf2 Nd5 23. Rhd1 f5 24. g3 Rc8 25. Rc4 Rdc7 26. Na5 Be7 27. Rxc7 Rxc7 28. Nc4 Kf7 29. Rd2 Bf6 30. e4 fxe4 31. fxe4 Nc3 32.
Nxc3 bxc3 33. Rc2 Bd4+ 34. Ke2 e5 35. Kd3 Ke6 36. Ne3 Rf7 37. Nd5 Rf3+ 38. Kc4 Rf1 39. a4 g5 40. Nxc3 Bxc3 41. Rxc3 Re1 42. Kb5 Rxe4 43.
Rc6+ Kd5 44. Rh6 Re3 45. b4 Rb3 46. Rxh7 e4 47. Rxa7 e3 48. Re7 Kd4 49. a5 Ra3 50. a6 1-0

[Event "Late-Titled-Tuesday-Blitz-January-16-2024"]
[Site "Chess.com"]
[Date "2024.01.16"]
[Round "1"]
[White "Heinza9"]
[Black "MKlose11"]
[Result "0-1"]
[WhiteElo "2337"]
[BlackElo "2646"]
[TimeControl "180+1"]
[EndTime "14:08:02 PST"]
[Termination "MKlose11 won on time"]

1. e4 e6 2. c4 d5 3. cxd5 exd5 4. exd5 Nf6 5. Bb5+ Bd7 6. Bc4 Bd6 7. Nc3 O-O 8.
Nge2 Re8 9. h3 Bf5 10. d4 Nbd7 11. Be3 Nb6 12. Bb3 Bb4 13. Ng3 Bg6 14. O-O Nfxd5 15. Nxd5 Nxd5 16. Qf3 c6 17. Rad1 Qd7 18. a3 Ba5 19. Ne2 Be4 20. Qg3 Nxe3 21. fxe3 Bd5 22. Bc2 g6 23. Nf4 Bc7 24. Qf2 Bxf4 25. Qxf4 f5 26.
Rfe1 Re7 27. e4 fxe4 28. Bxe4 Bxe4 29. Rxe4 Rxe4 30. Qxe4 Re8 31. Qf4 Qf7 32. Qd2 Rd8 33. Qc3 Rd5 34. Rf1 Rf5 35. Rxf5 Qxf5 36. Qb3+ Qf7 37. Qe3 Kf8 38. Kh2 Qe7 39. Qf4+ Kg7 40. h4 a6 41. b4 b5 42. Kh3 Qf6 43. Qe4 Kf7 44. Kg3 Qe6 45. Qf4+ Ke7 46. Qc7+ Kf6 47. Qd8+ Kf5 48. Qf8+ Ke4 49. Qf4+ Kd5 50. Qc1 Kxd4 51. Qc5+ Kd3 52. Qf8 h5 0-1

[Event "Late-Titled-Tuesday-Blitz-January-16-2024"]
[Site "Chess.com"]
[Date "2024.01.16"]
[Round "1"]
[White "JaackCamel"]
[Black "Nf3c5"]
[Result "0-1"]
[WhiteElo "2154"]
[BlackElo "2560"]
[TimeControl "180+1"]
[EndTime "14:08:03 PST"]
[Termination "Nf3c5 won on time"]

1. d4 Nf6 2. c4 e6 3. Nc3 Bb4 4.
e3 O-O 5. Bd3 d5 6. Nf3 dxc4 7.
Bxc4 c5 8. O-O Nc6 9. a3 Bxc3 10. bxc3 Qc7 11. Bd3 e5 12. dxe5 Nxe5 13. Nxe5 Qxe5 14. h3 Bf5 15. Bxf5 Qxf5 16. c4 Rad8 17. Qb3 b6 18. Bb2 Ne4 19. Rad1 Nd2 20. Qc3 Nf3+ 21. gxf3 f6 22. Rxd8 Rxd8 23. Kg2 Qg6+ 24. Kh2 Qf5 25. Rg1 Kf7 26. Rg3 Rd3 27. Qc2 Qd7 28. Kg2 h5 29. f4 h4 30. Rg4 Qc6+ 31. Kh2 Qd7 32. Kg1 a6 33. Kh2 b5 34. cxb5 axb5 35. Rxh4 Rd2 36.
Qc3 Rxf2+ 37. Kg3 Rd2 38. Rg4 Rd3 39. Rxg7+ Kxg7 40. Qxf6+ Kg8 41. Qh8+ Kf7 42. Qg7+ Ke8 43. Qg8+ Ke7 44. Qg5+ Kd6 45. Be5+ Kc6 46. Qf6+ Kb7 47. Qg6 Rxe3+ 48. Kh4 Qxh3+ 49. Kg5 Rg3+ 50. Kf6 Rxg6+ 51. Kxg6 Qe6+ 52. Kg5 Kc6 0-1

[Event "Late-Titled-Tuesday-Blitz-January-16-2024"]
[Site "Chess.com"]
[Date "2024.01.16"]
[Round "1"]
[White "enestnrvrd"]
[Black "Akhayan"]
[Result "1-0"]
[WhiteElo "2687"]
[BlackElo "2364"]
[TimeControl "180+1"]
[EndTime "14:08:04 PST"]
[Termination "enestnrvrd won by checkmate"]

1. Nf3 a6 2. e4 e6 3. d4 d5 4. exd5 exd5 5. Bd3 Nf6 6. O-O Be7 7. h3 O-O 8. Re1 Nc6 9. c3 Be6 10. Nbd2 h6 11.
Nf1 Qd7 12. Ng3 Bd6 13. Ne5 Qd8 14. Bf4 Re8 15. Qd2 Bf8 16. Re2 Nxe5 17. Bxe5 Nd7 18. Bf4 c5 19. Rae1 cxd4 20. cxd4 Rc8 21. Bb1 b5 22.
Qd3 g6 23. Rxe6 Rxe6 24. Rxe6 fxe6 25. Qxg6+ Bg7 26. Qxe6+ Kh8 27. Bxh6 Nf6 28. Bxg7+ Kxg7 29. Nf5+ Kf8 30. Qe3 Ng8 31. Bd3 Qc7 32. Qf3 Qf7 33.
Qg3 Rc1+ 34. Kh2 Qc7 35. f4 Qf7 36. Nh4 Ne7 37. Nf3 Rd1 38. Ne5 Qg7 39. Qh4 Rd2 40. Bf1 Kg8 41. Qe1 Rxd4 42. Qe3 Re4 43. Qf3 Nf5 44. Bd3 Nd4 45. Qf2 Rxe5 46. fxe5 Qxe5+ 47.
Qg3+ Qxg3+ 48. Kxg3 Kg7 49. Kf4 Kf6 50. h4 Ne6+ 51.
Ke3 Nc5 52. Kd4 Na4 53. b3 Nb2 54. Bc2 b4 55. g4 a5 56. g5+ Kg7 57. h5 a4 58. h6+ Kh8 59. g6 a3 60. Ke5 Kg8 61.
Kf6 Nc4 62. h7+ Kh8 63. g7# 1-0

[Event "Late-Titled-Tuesday-Blitz-January-16-2024"]
[Site "Chess.com"]
[Date "2024.01.16"]
[Round "1"]
[White "Grindaveci"]
[Black "vladislavkovalev"]
[Result "1-0"]
[WhiteElo "2474"]
[BlackElo "2834"]
[TimeControl "180+1"]
[EndTime "14:08:05 PST"]
[Termination "Grindaveci won on time"]

1. e4 e5 2. Nf3 Nc6 3. Bc4 Nf6 4. d3 Bc5 5. c3 d6 6. O-O a6 7. Re1 h6 8. a4 Ba7 9. Nbd2 O-O 10. h3 Be6 11. Bxe6 fxe6 12. b4 Ne7 13. Nf1 Ng6 14.
Be3 Bxe3 15. Rxe3 Qd7 16. g3 Rf7 17. N1h2 a5 18. Qb3 axb4 19. cxb4 Rff8 20. Ree1 Kh7 21. a5 c6 22. Kg2 Nh5 23. d4 exd4 24. Nxd4 Rae8 25.
Rad1 Qf7 26. Ndf3 d5 27. b5 Nf6 28. Nd2 cxb5 29. Qxb5 Nxe4 30. Nxe4 dxe4 31. Rd2 Rd8 32. Rb2 Rd5 33. Qxb7 Qxb7 34. Rxb7 Rd2 35. Rf1 e3 36. Ng4 exf2 37. Rxf2 Rfxf2+ 38. Nxf2 Ne5 39. Kf1 Ra2 40. Rb5 Nc4 41. Rb4 Ne3+ 42. Kg1 Rxa5 43. Re4 Ra1+ 44. Kh2 Ra2 45. Kg1 Ra1+ 46. Kh2 Ra2 47.
Kg1 Nf5 48. g4 Ra1+ 49. Kg2 Nh4+ 50. Kg3 1-0

[Event "Late-Titled-Tuesday-Blitz-January-16-2024"]
[Site "Chess.com"]
[Date "2024.01.16"]
[Round "1"]
[White "SHIVACalypso"]
[Black "Karacsonyi_Gellert"]
[Result "0-1"]
[WhiteElo "2441"]
[BlackElo "2784"]
[TimeControl "180+1"]
[EndTime "14:08:05 PST"]
[Termination "Karacsonyi_Gellert won by resignation"]

1. Nf3 Nf6 2. c4 e6 3. g3 d5 4. Bg2 dxc4 5. Na3 Bxa3 6. bxa3 O-O 7. a4 a6 8. Qc2 b5 9. Ng5 Ra7 10. Bb2 Nbd7 11. Bc6 h6 12. h4 Re8 13. Bd4 Bb7 14. Bxd7 Qxd7 15. Bxf6 gxf6 16. Qh7+ Kf8 17. Qxh6+ Ke7 18.
Nh7 Qd4 19. O-O Rh8 20. Qg7 Qe4 21. Qxf6+ Kd6 22. f3 Qxh7 23. Qd4+ Bd5 24. Qxa7 Rg8 25. Kh2 Qg7 26. Qf2 f5 27. axb5 axb5 28. Rab1 c6 29. g4 fxg4 30. Qg3+ Kc5 31. fxg4 Qd4 32. e3 Qxd2+ 33.
Rf2 Qd3 34. Re1 Qe4 35. Rf4 Qc2+ 36. Rf2 Qe4 37. Rf4 Qc2+ 38. Rf2 Qg6 39. Rf4 Rh8 40. h5 Qc2+ 41. Rf2 Qe4 42. Qf4 Qd3 43. Qd4+ Qxd4 44. exd4+ Kxd4 45. Rg1 c3 46. Kg3 Be4 47. Kh4 c2 48. g5 Ke3 49. Rff1 Bd3 50. Re1+ Be2 51. Rc1 Rxh5+ 52. Kg3 Rxg5+ 53. Kh4 Rxg1 54. Rxg1 Kd2 0-1

[Event "Late-Titled-Tuesday-Blitz-January-16-2024"]
[Site "Chess.com"]
[Date "2024.01.16"]
[Round "1"]
[White "Goryachkina"]
[Black "Gryffindorac8"]
[Result "1-0"]
[WhiteElo "2696"]
[BlackElo "2369"]
[TimeControl "180+1"]
[EndTime "14:08:10 PST"]
[Termination "Goryachkina won by resignation"]

1. e4 c5 2. Nf3 d6 3. d4 cxd4 4. Nxd4 Nf6 5. Nc3 a6 6. a4 e5 7. Nf3 Be7 8. Bg5 Be6 9. Bxf6 Bxf6 10. Nd5 Nd7 11. Bc4 O-O 12. O-O Rc8 13. b3 Nb6 14.
Nxf6+ Qxf6 15. Bxe6 Qxe6 16. c4 h6 17. Qd2 f5 18. exf5 Rxf5 19. Rfd1 Rf6 20. Qe3 Nd7 21. Nd2 Rg6 22. Ne4 Qe7 23. Qd3 Rc6 24. b4 Re6 25.
b5 Nc5 26. Qd5 Rc7 27. Nxd6 Rd7 28. Qxc5 Rexd6 29. Rxd6 Rxd6 30. Rf1 Qe6 31. h3 Rd4 32. Rc1 axb5 33. axb5 b6 34. Qc7 Rd2 35. c5 Qf5 36.
Rf1 bxc5 37. Qxc5 Rb2 38. Re1 Qf6 39. g3 e4 40. Qc4+ Kh7 41. Qxe4+ Qg6 42. Qxg6+ Kxg6 43. Re5 Rb3 44. Rc5 Kf6 45. h4 Kg6 46. Kg2 Kh7 47.
h5 Rb2 48. g4 Rb3 49. f3 Rd3 50. b6 Rb3 51. Rc6 Rb4 52. Kg3 Rb5 53. Kf4 Rb4+ 54. Ke5 Rb1 55. Kd6 Rb3 56. Kc7 1-0

[Event "Late-Titled-Tuesday-Blitz-January-16-2024"]
[Site "Chess.com"]
[Date "2024.01.16"]
[Round "1"]
[White "laskakid"]
[Black "varunkrishnanchess"]
[Result "0-1"]
[WhiteElo "2317"]
[BlackElo "2638"]
[TimeControl "180+1"]
[EndTime "14:08:11 PST"]
[Termination "varunkrishnanchess won by checkmate"]

1. d4 Nf6 2. c4 e6 3. Nc3 Bb4 4. Qc2 O-O 5. e4 d5 6. e5 Ne4 7.
Bd3 c5 8. Nf3 cxd4 9. Nxd4 f5 10. exf6 Qxf6 11. Be3 e5 12. Nb5 d4 13. Bxe4 dxe3 14. Bxh7+ Kh8 15. O-O exf2+ 16. Rxf2 Bc5 17. Ne4 Bxf2+ 18. Nxf2 Na6 19. Rf1 Be6 20. a3 Qh6 21. Bd3 Qe3 22. Qd1 Rf6 23. Kh1 Raf8 24. Qh5+ Rh6 25.
Qe2 Qxe2 26. Bxe2 Rhf6 27. Kg1 Bd7 28. Ne4 Rxf1+ 29. Bxf1 Bxb5 30. cxb5 Nc7 31. Nd6 b6 32.
Nc4 e4 33. Be2 Nd5 34. Ne5 Rc8 35. Kf2 Nf4 36. Bg4 Rc2+ 37. Ke3 Nxg2+ 38. Kxe4 Rxb2 39. Nf7+ Kg8 40. Be6 Kf8 41. Ne5 Re2+ 42. Kf5 Nh4+ 43.
Kf4 g5+ 44. Kxg5 Rxe5+ 45. Kxh4 Rxe6 46. Kg4 Re3 47. h4 Rxa3 48. h5 Ra5 49. Kf5 Rxb5+ 50. Kg6 Rxh5 51. Kxh5 a5 52. Kg4 a4 53. Kh3 a3 54.
Kg2 a2 55. Kg1 a1=Q+ 56. Kh2 Qc3 57. Kg2 b5 58. Kh2 b4 59. Kg2 b3 60. Kh2 b2 61.
Kg2 b1=Q 62. Kh2 Qbb2+ 63. Kg1 Qcc1# 0-1

[Event "Late-Titled-Tuesday-Blitz-January-16-2024"]
[Site "Chess.com"]
[Date "2024.01.16"]
[Round "1"]
[White "orestn"]
[Black "mr_gustavo"]
[Result "1-0"]
[WhiteElo "2442"]
[BlackElo "2748"]
[TimeControl "180+1"]
[EndTime "14:08:13 PST"]
[Termination "orestn won by resignation"]

1. e4 e5 2. Nf3 Nc6 3. Bb5 Nf6 4. O-O Nxe4 5. Re1 Nd6 6. a4 Be7 7. Nc3 O-O 8. d4 e4 9. Nxe4 Nxe4 10. Rxe4 d5 11.
Re3 Bg4 12. h3 Bh5 13. Bxc6 bxc6 14. Rc3 Qd6 15. Qd3 a5 16. Ne5 Bg6 17. Qg3 Bf6 18.
Nxg6 Qxg3 19. Ne7+ Bxe7 20. Rxg3 c5 21. dxc5 Bxc5 22.
Be3 Bd6 23. Rf3 Rfe8 24. Rd1 Re4 25. b3 c6 26. Kf1 Bb4 27. Rf4 Rxf4 28. Bxf4 Kf8 29.
Ke2 Ke7 30. Kd3 Kd7 31. c3 Bc5 32. Be3 Bxe3 33. Kxe3 Rb8 34. Rb1 c5 35. Kd2 Kd6 36. Kc2 h5 37. Rd1 Re8 38. Kd2 d4 39. Kd3 Kd5 40. Kd2 Rb8 41. Kc2 h4 42. Re1 d3+ 43. Kxd3 Rxb3 44. Re7 f5 45. Rd7+ Ke6 46. Ra7 Rb2 47.
Rxa5 Kd5 48. Ra7 Rxf2 49. Rxg7 f4 50. Rg5+ Kd6 51. Rg4 Kd5 52. Rg5+ Kd6 53. Kc4 Ra2 54. Rg6+ Ke5 55. Kxc5 Rxa4 56. c4 Ke4 57. Kb5 Ra2 58.
c5 Rb2+ 59. Ka6 Rc2 60. Kb6 Rb2+ 61. Kc7 Rc2 62. c6 f3 63. gxf3+ Kxf3 64. Kd7 Rd2+ 65.
Rd6 Rc2 66. c7 Kg2 67. Rc6 Rd2+ 68. Ke6 Re2+ 69. Kf5 Re8 70. c8=Q Rxc8 71. Rxc8 Kxh3 72. Rg8 Kh2 73. Kf4 h3 74. Kf3 Kh1 75. Kf2 h2 76.
Kg3 Kg1 77. Kh3+ Kh1 78. Rd8 1-0

[Event "Late-Titled-Tuesday-Blitz-January-16-2024"]
[Site "Chess.com"]
[Date "2024.01.16"]
[Round "1"]
[White "Godzillator"]
[Black "M1711"]
[Result "0-1"]
[WhiteElo "2349"]
[BlackElo "2666"]
[TimeControl "180+1"]
[EndTime "14:08:13 PST"]
[Termination "M1711 won by resignation"]

1. Nf3 b6 2. d4 Bb7 3. c3 Nf6 4. Bg5 e6 5. Nbd2 Be7 6. e3 O-O 7. Bd3 c5 8. Qc2 h6 9. Bh4 d6 10. O-O Nbd7 11. a4 a6 12. Rfe1 Qc7 13. Rac1 cxd4 14.
cxd4 Qxc2 15. Rxc2 Rfc8 16. Rec1 Kf8 17. Rxc8+ Rxc8 18. Rxc8+ Bxc8 19. Kf1 Nd5 20. Bxe7+ Kxe7 21. Ke2 Nb4 22. Bc4 d5 23. Bb3 Kd6 24. Nb1 f6 25. Nc3 Nb8 26. Kd2 Bd7 27. Ne1 N8c6 28. g3 Na5 29. Bd1 Nc4+ 30. Kc1 e5 31. b3 Na5 32.
Kb2 exd4 33. exd4 Nac6 34. Ne2 Bf5 35. Kc3 a5 36. Nc2 Bg4 37. Nxb4 axb4+ 38. Kd3 Bf5+ 39. Ke3 g5 40. Nc1 Na5 41. Nd3 Nc6 42. Bc2 Ke6 43. f4 Be4 44. Ne1 f5 45. Bxe4 dxe4 46. fxg5 hxg5 47. h4 gxh4 48. gxh4 Ne7 49. Nc2 Nd5+ 50. Kf2 f4 51. Kg2 Kf5 52. Kh3 e3 53. h5 f3 54.
Kg3 f2 55. Kg2 Ke4 56. h6 Kd3 57. Nxe3 Nxe3+ 58. Kxf2 Ng4+ 59. Kf3 Nxh6 60. d5 Kc3 61. d6 Nf7 62. d7 Ne5+ 63. Ke4 Nxd7 64. Kd5 Kxb3 65.
Kc6 Kxa4 66. Kxd7 b3 67. Kc6 b5 68. Kb6 b2 69. Kc5 b1=Q 0-1

[Event "Late-Titled-Tuesday-Blitz-January-16-2024"]
[Site "Chess.com"]
[Date "2024.01.16"]
[Round "1"]
[White "platy3"]
[Black "Valeron87"]
[Result "1-0"]
[WhiteElo "2891"]
[BlackElo "2477"]
[TimeControl "180+1"]
[EndTime "14:08:17 PST"]
[Termination "platy3 won on time"]

1. e4 c5 2. Nf3 Nc6 3. d4 cxd4 4.
Nxd4 Nf6 5. Nc3 e5 6. Ndb5 d6 7.
Nd5 Nxd5 8. exd5 Nb8 9. c4 Be7 10. Bd3 a6 11. Nc3 O-O 12. O-O f5 13. f3 Nd7 14. Kh1 b6 15. Be3 Bg5 16. Qd2 Bxe3 17. Qxe3 Rb8 18. b4 Qf6 19. Rac1 Bb7 20. a3 Rbe8 21.
Bb1 Qh4 22. Na4 Qd8 23. Rcd1 Kh8 24. Rfe1 e4 25. f4 b5 26. cxb5 axb5 27. Nc3 Nb6 28. Ba2 Nc4 29. Bxc4 bxc4 30. b5 Qa5 31. a4 Kg8 32. h3 Rf7 33. Rb1 g5 34. fxg5 f4 35. Qd4 e3 36. Ne4 Re5 37. Nf6+ Kf8 38. Qxf4 e2 39.
Qxc4 Qd2 40. Ne4 Qf4 41. Nxd6 Qxc4 42. Nxc4 Rxg5 43. Rxe2 Bxd5 44. Ne3 Be4 45. Rb4 Bb7 46. Kg1 Re7 47. Kf2 Rf7+ 48. Ke1 Re7 49. g4 Rge5 50. Kf2 Be4 51. Nc4 R5e6 52. Nd2 Bd3 53. Rxe6 Rxe6 54. Nf3 Rf6 55. Kg3 Be2 56. Ne5 Bd1 57.
Nd7+ 1-0

[Event "Late-Titled-Tuesday-Blitz-January-16-2024"]
[Site "Chess.com"]
[Date "2024.01.16"]
[Round "1"]
[White "IlanSchnaider"]
[Black "GlavkonVVS"]
[Result "1-0"]
[WhiteElo "2816"]
[BlackElo "2450"]
[TimeControl "180+1"]
[EndTime "14:08:18 PST"]
[Termination "IlanSchnaider won on time"]

1. e4 Nf6 2. e5 Nd5 3. d4 d6 4.
Nf3 Bg4 5. Bc4 dxe5 6. dxe5 e6 7.
h3 Bh5 8. O-O Be7 9. Nbd2 Nd7 10. Bxd5 exd5 11. Re1 Nc5 12. c3 O-O 13. Nf1 Ne6 14.
Ng3 Bg6 15. Be3 c5 16. Qd2 Qd7 17. Rad1 Rfd8 18. h4 h5 19. Ng5 Qa4 20. Nxe6 fxe6 21. Bg5 Rd7 22. Bxe7 Rxe7 23. Qg5 Qe8 24. f4 Qf7 25. Rf1 Rf8 26. Rd2 Kh7 27. Rdf2 Bd3 28. Rd1 Bg6 29. Rf3 Rd7 30. Rdf1 d4 31. f5 exf5 32.
Nxf5 Qd5 33. Ne7 Rxe7 34. Rxf8 Rxe5 35. Qd8 Qxd8 36. Rxd8 d3 37. Rff8 Be4 38. Rh8+ Kg6 39. Rd6+ Kf7 40. Rhd8 c4 41. b3 b5 42. Rd4 cxb3 43.
axb3 a5 44. R8d7+ Kg8 45. Ra7 Rd5 46. Kf2 Rxd4 47. cxd4 Bd5 48. Rxa5 Bxb3 49. Ke3 Bc4 50. Ra7 Kf8 51. g3 Kg8 52. Rd7 Kf8 53. Kd2 g6 54.
Kc3 Ke8 55. Rg7 Bf7 56. d5 Kf8 57. d6 Kxg7 58. d7 d2 59. Kxd2 1-0

[Event "Late-Titled-Tuesday-Blitz-January-16-2024"]
[Site "Chess.com"]
[Date "2024.01.16"]
[Round "1"]
[White "Russian_berezka"]
[Black "nikitadovbnya2008"]
[Result "1-0"]
[WhiteElo "2571"]
[BlackElo "2169"]
[TimeControl "180+1"]
[EndTime "14:08:20 PST"]
[Termination "Russian_berezka won by checkmate"]

1. c3 d5 2. d4 Nf6 3. Bf4 Bf5 4. e3 e6 5. Nd2 Bd6 6. Bg3 O-O 7. Ngf3 c5 8. Be2 Nc6 9. Ne5 Qc7 10. f4 Ne4 11.
O-O f6 12. Nxc6 bxc6 13. Bh4 cxd4 14. cxd4 Nxd2 15. Qxd2 c5 16. Rac1 Qb6 17. Kh1 Be4 18.
Bd3 Bxd3 19. Qxd3 c4 20. Qc2 f5 21. b3 Rfc8 22. bxc4 Rxc4 23. Qd3 Rac8 24. Rb1 Qa6 25.
a3 Qxa3 26. Qe2 Rc1 27. h3 Rxb1 28. Rxb1 Rc1+ 29. Rxc1 Qxc1+ 30. Kh2 Qc6 31. Qb2 a5 32. Qd2 Bb4 33. Qb2 Kf7 34. Bf2 Bd6 35. Qd2 a4 36.
Qa5 a3 37. g4 fxg4 38. hxg4 h6 39. Kh3 g5 40. f5 exf5 41. gxf5 Kf6 42. Qd8+ Kxf5 43. Qh8 g4+ 44. Kg2 Bc7 45. Qf8+ Ke6 46. Qxa3 Bd6 47. Qa7 Qe8 48. Qh7 Qh5 49. Qg8+ Kd7 50.
Qh7+ Kc6 51. Qc2+ Kd7 52. Qh7+ Be7 53. Bg3 Qg5 54. Bf4 Qf6 55. Qxh6 Qf5 56. Qa6 Qe4+ 57. Kg1 Qf3 58. Qb7+ Ke6 59. Qc8+ Kf7 60. Qf5+ Bf6 61. Qd7+ Kg6 62. Qe8+ Kf5 63. Qc8+ Ke4 64. Qc2# 1-0

[Event "Late-Titled-Tuesday-Blitz-January-16-2024"]
[Site "Chess.com"]
[Date "2024.01.16"]
[Round "1"]
[White "jup1978"]
[Black "Igor_Lysyj"]
[Result "1/2-1/2"]
[WhiteElo "2479"]
[BlackElo "2865"]
[TimeControl "180+1"]
[EndTime "14:08:22 PST"]
[Termination "Game drawn by repetition"]

1. e4 e5 2. Nf3 Nc6 3. Bc4 Bc5 4. d3 Nf6 5. Be3 Bxe3 6. fxe3 d6 7. a4 O-O 8. O-O Ne7 9. Qe1 Ng6 10. Nc3 c6 11. Nh4 d5 12. Nxg6 hxg6 13. exd5 cxd5 14. Bb3 Be6 15. Ne2 Qc7 16. Qg3 Rac8 17. d4 Nd7 18. c3 Qb6 19. Ra3 e4 20. a5 Qc7 21. Qxc7 Rxc7 22.
Nf4 Nf6 23. Nxe6 fxe6 24. Bd1 Ne8 25. Bg4 Rxf1+ 26. Kxf1 Kf7 27. Be2 Nd6 28. Ra1 Ke7 29.
Ke1 Rc8 30. Kd2 Rh8 31. h3 Nf5 32. c4 Ng3 33. c5 Rf8 34. Ke1 a6 35. b4 Nf5 36.
Kd2 Ng3 37. Ke1 Kd7 38. Rb1 Kc7 39. b5 axb5 40. Bxb5 Nf5 41. Ke2 Ra8 42. Ra1 Nh4 43. g3 Nf5 44. g4 Nh4 45. a6 bxa6 46. Rxa6 Rxa6 47. Bxa6 Nf3 48. Kf2 g5 49. Be2 Nd2 50.
Ke1 Nb3 51. Bd1 Na5 52. Ba4 Nb7 53. Kf2 e5 54. Kg3 exd4 55. exd4 Na5 56. h4 gxh4+ 57.
Kxh4 Nc4 58. Kg3 g5 59. Kf2 Nd2 60. Ke3 Nf3 61. Bb3 Kc6 62. Ba4+ Kc7 63. Bb3 Kc6 64. Ba4+ Kc7 1/2-1/2

[Event "Late-Titled-Tuesday-Blitz-January-16-2024"]
[Site "Chess.com"]
[Date "2024.01.16"]
[Round "1"]
[White "chessajedrezz2020"]
[Black "KorolDimitriy75"]
[Result "1/2-1/2"]
[WhiteElo "2646"]
[BlackElo "2353"]
[TimeControl "180+1"]
[EndTime "14:08:23 PST"]
[Termination "Game drawn by repetition"]

1. Nf3 c5 2. c4 g6 3. g3 Bg7 4.
Bg2 Nc6 5. O-O Nh6 6. Nc3 Nf5 7. d3 h5 8. h4 a6 9. e4 Nfd4 10.
Bg5 O-O 11. Rb1 Rb8 12. Nd5 Nxf3+ 13. Bxf3 b5 14. b3 Re8 15. Qd2 d6 16. Bg2 Nd4 17.
Kh1 Bb7 18. Rbe1 Qd7 19. Bh6 e6 20. Bxg7 Kxg7 21. Nf4 b4 22. Ne2 Nxe2 23. Rxe2 f5 24. exf5 Bxg2+ 25. Kxg2 exf5 26. Rfe1 Rxe2 27. Qxe2 Kf7 28.
Qf3 Re8 29. Qd5+ Re6 30. Re3 a5 31. Kf3 Kf6 32. Qa8 Rxe3+ 33. fxe3 Qe7 34. Qxa5 Qb7+ 35. Kf2 Qh1 36. Qd8+ Ke6 37. Qe8+ Kf6 38. Qf8+ Ke6 39. Qg8+ Kf6 40. Qd5 Qb1 41. Qxd6+ Kg7 42. Qe7+ Kh6 43. Qxc5 Qxa2+ 44. Kf3 Qxb3 45. Qf8+ Kh7 46. Qf7+ Kh6 47. Qg8 Qd1+ 48. Kf4 Qf1+ 49. Ke5 Qa1+ 50. d4 Qa5+ 51. d5 Qc7+ 52. Kd4 Qb6+ 53. c5 Qf6+ 54. Kc4 Qc3+ 55.
Kb5 b3 56. Qf8+ Kh7 57. Qf7+ Kh6 58. Qf8+ Kh7 59. Qe7+ Kh6 60. Qg5+ Kh7 61. Qe7+ Kh6 62. Qf8+ 1/2-1/2

[Event "Late-Titled-Tuesday-Blitz-January-16-2024"]
[Site "Chess.com"]
[Date "2024.01.16"]
[Round "1"]
[White "NikolaGry"]
[Black "semchik73"]
[Result "1-0"]
[WhiteElo "2741"]
[BlackElo "2412"]
[TimeControl "180+1"]
[EndTime "14:08:24 PST"]
[Termination "NikolaGry won by resignation"]

1. e4 Nf6 2. e5 Nd5 3. d4 d6 4.
Nf3 Bg4 5. Be2 c6 6. exd6 exd6 7.
O-O Be7 8. h3 Bh5 9. Re1 O-O 10.
c3 Nd7 11. Nbd2 Nf4 12. Bf1 Nf6 13. Ne4 Nxe4 14. Rxe4 Nd5 15. Bd3 Re8 16. Bd2 Nf6 17. Re1 d5 18. Be2 Ne4 19. Ne5 Bxe2 20. Rxe2 Bf6 21.
Nd3 Bg5 22. Be1 Qf6 23. f3 Nd6 24. Bf2 Nc4 25. Rxe8+ Rxe8 26. b3 Ne3 27. Qe2 Re6 28.
Ne5 Nf5 29. Re1 Bh4 30. g4 Bxf2+ 31. Qxf2 Nh4 32. f4 Ng6 33. f5 Nxe5 34. fxe6 Nf3+ 35. Kh1 fxe6 36. Rf1 Ng5 37. Qxf6 gxf6 38. Rxf6 Kg7 39.
Rf1 Nxh3 40. Kg2 Ng5 41. Re1 Ne4 42. c4 Kg6 43. Kf3 Kg5 44. Rh1 h6 45. Rh5+ Kg6 46. Kf4 Nf6 47. Rh2 Ne4 48. Rg2 Ng5 49. Re2 Ne4 50. Ke5 Kg5 51. Kxe6 Nc3 52. Rh2 Ne4 53. cxd5 cxd5 54. Kxd5 Nf6+ 55. Ke6 Nxg4 56. Rg2 h5 57. d5 Kf4 58. d6 Ne5 59. Rf2+ Kg5 60. Kxe5 h4 61. Rg2+ Kh5 62. d7 h3 63. Rh2 Kh4 64.
Rxh3+ Kxh3 65. d8=Q Kg3 66. Qc7 1-0

[Event "Late-Titled-Tuesday-Blitz-January-16-2024"]
[Site "Chess.com"]
[Date "2024.01.16"]
[Round "1"]
[White "miraitrunks"]
[Black "VitorBronson"]
[Result "0-1"]
[WhiteElo "2090"]
[BlackElo "2556"]
[TimeControl "180+1"]
[EndTime "14:08:24 PST"]
[Termination "VitorBronson won by checkmate"]

1. e4 c5 2. c3 Nf6 3. e5 Nd5 4. d4 cxd4 5. cxd4 d6 6. Bc4 e6 7.
Nf3 Nc6 8. O-O Be7 9. exd6 Qxd6 10. Nc3 O-O 11. Re1 Rd8 12. Ne5 Nxc3 13. bxc3 Nxe5 14.
Bf4 Qc6 15. Bxe5 Qxc4 16. Qg4 f6 17. Bf4 e5 18. Qh5 Qf7 19. Qxf7+ Kxf7 20. dxe5 Be6 21.
exf6 Bxf6 22. Re3 Rac8 23. Rae1 Bxa2 24. Be5 Rd7 25. Bxf6 gxf6 26. Rh3 Kg8 27. Rg3+ Kf8 28. h4 Bf7 29. Rf3 Rc6 30. Rb1 a5 31. Rb5 Ra6 32.
h5 Bxh5 33. Rxh5 a4 34. Rhf5 Ke7 35. Re3+ Kd8 36. Re1 a3 37. Rb5 a2 38. Ra1 Rd2 39. Rxb7 Rc2 40. Rxh7 Rb2 41. Rd1+ Ke8 42. Re1+ Kf8 43.
Ree7 a1=Q+ 44. Kh2 Qa2 45. Rc7 Ra8 46. Rh8+ Qg8 47.
Rxg8+ Kxg8 48. c4 Rxf2 49. Kg3 Raa2 50. c5 Rxg2+ 51. Kf4 Raf2+ 52. Ke3 Rc2 53. Kd4 Rgd2+ 54. Ke4 Kf8 55. Kf5 Rf2+ 56. Ke6 Rce2+ 57. Kd6 f5 58.
Rc8+ Kf7 59. Rc7+ Kf6 60. Rc8 Rd2+ 61. Kc6 Rc2 62. Kb6 Rb2+ 63. Ka6 Rfc2 64. c6 Rc1 65. c7 Ra1# 0-1